Unix NetHack Version 5.0.0-0 post-release - last build Jul 19 2026 19:10:59 (3aa4ab31751d3886436d94b585a96704892fd477,branch:main).

Game began 2026-07-23 09:06:57, ended 2026-07-23 09:39:08.

LDaviesPeters, neutral female human Archeologist

                                                   ---
                                                  |..--
                                                  |...|
                                                  |.|[|
                                                  |.|.--
                                                  |<|..|
                                                  |.|-.|
                                                     |.--
                                                     |..-
                                                      -)..
                                                      --*.. ...    --..   ...
                                                       |..`--.------.........|
                                                       |..--..)...G@.........|
                                                       |.....--------........--
                                                        ------     |..........|
                                                                   |-......|.--
                                                                   |...|.-----
                                                                   --.----
                                                                    ---
LDaviesPeters the Field Worker  St:13 Dx:11 Co:11 In:18 Wi:16 Ch:9  Neutral
Dlvl:4  $:0  HP:0(28) Pw:17(17) AC:9  Xp:4 T:2060  Satiated

Latest messages:
 You see here a ring mail.
 The gnome swings his crossbow.
 The gnome hits!
 You lash the gnome.
 You miss the gnome.
 The gnome swings his crossbow.
 The gnome just misses!
 You miss the gnome.
 You kill the gnome!
 U - a pair of snow boots.
 You kill the gnome!
 V - a yellowish brown gem.
 What do you want to use or apply? [abfgkpP or ?*] g
 What do you want to rub on the stone? [V or ?*] V
 V - a worthless piece of yellowish brown glass.
 What do you want to drop? [a-df-hkpHN-PS-V or ?*] V
 You drop a worthless piece of yellowish brown glass.
 The gnome hits!
 You lash the gnome.
 The gnome hits!
 You kill the gnome!
 You lash the gnome.
 The dagger misses the gnome.
 A dagger misses you.
 You lash the gnome.
 You kill the gnome!
 You see here a gnome corpse.
 You lash the dwarf.
 The dwarf hits!
 The dagger hits the dwarf.
 You lash the dwarf.
 You lash the dwarf.
 You kill the dwarf!
 You kill the dwarf!
 You see here a gnome corpse.
 There is a gnome corpse here; eat it? [ynq] (n) y
 This gnome corpse is gamey.
 You finish eating the gnome corpse.
 There is a dwarf corpse here; eat it? [ynq] (n) y
 This dwarf corpse tastes terrible!
 You are hit by a crossbow bolt.
 You stop eating the dwarf corpse.
 You are hit by a crossbow bolt.
 The gnome lord swings his thonged club.
 The gnome lord hits!
 You lash the gnome lord.
 The gnome lord swings his thonged club.
 The gnome lord hits!
 You die...
 Do you want your possessions identified? [ynq] (y) q

Inventory:
 Weapons  (')')
  S - a +0 orcish dagger
  a - a +2 bullwhip (weapon in right hand)
 Armor    ('[')
  c - an uncursed +0 fedora (being worn)
  T - an uncursed +0 orcish helm
  U - a cursed -2 pair of jumping boots
  h - an uncursed +0 leather jacket (being worn)
 Comestibles  ('%')
  d - 2 uncursed food rations
  H - an uncursed lembas wafer
 Scrolls  ('?')
  N - an uncursed scroll of identify
 Potions  ('!')
  O - an uncursed potion of object detection
 Wands    ('/')
  P - a wand of light (0:12)
 Tools    ('(')
  b - an uncursed sack containing 1 item
  p - a +0 pick-axe
  k - an uncursed skeleton key
  f - a tinning kit (0:58)
 Gems/Stones  ('*')
  g - an uncursed touchstone

Contents of the sack:
  104 gold pieces

LDaviesPeters the Archeologist's attributes:

Background:
 You were a Field Worker, a level 4 female human Archeologist.
 You were neutral, nominally on a mission for Camaxtli
 who was opposed by Quetzalcoatl (lawful) and Huhetotl (chaotic).
 You were right-handed.
 You were in the Gnomish Mines, on level 4.
 You entered the dungeon 2060 turns ago.
 You had 148 experience points, 12 more were needed to attain level 5.

Basics:
 You had 0 out of 28 hit points.
 You had all 17 energy points (spell power).
 Your armor class was 9.
 Your wallet was empty, but
 you had 104 zorkmids stashed away in your pack.
 Autopickup was off.

Final Characteristics:
 Your strength was 13 (limit:18/100).
 Your dexterity was 11 (limit:18).
 Your constitution was 11 (limit:18).
 Your intelligence was 18 (limit:18).
 Your wisdom was 16 (limit:18).
 Your charisma was 9 (limit:18).

Final Status:
 You were satiated.
 You were unencumbered.
 You were wielding a whip.
 You had basic skill with whip.

Final Attributes:
 You were devoutly aligned.
 You had automatic searching.
 You were lucky.
 You are dead.

Miscellaneous:
 You didn't encounter any bones levels.
 Total elapsed playing time was 32 minutes and 10 seconds.

Major events:
 Turn
    1: LDaviesPeters the neutral female human Archeologist entered the dungeon
 1164: attained the rank of Field Worker (level 3)
 1390: entered the Gnomish Mines
 2060: killed by a gnome lord

You didn't know any spells.

Skills:
 Fighting Skills
   bare handed combat [Unskilled]
   two weapon combat  [Unskilled]
   riding             [Unskilled]
 Weapon Skills
   dagger             [Unskilled]
   knife              [Unskilled]
   pick-axe           [Basic]
   short sword        [Unskilled]
   saber              [Unskilled]
   club               [Unskilled]
   quarterstaff       [Unskilled]
   sling              [Unskilled]
   dart               [Unskilled]
   boomerang          [Unskilled]
   whip               [Basic]
   unicorn horn       [Unskilled]
 Spellcasting Skills
   attack spells      [Unskilled]
   healing spells     [Unskilled]
   divination spells  [Unskilled]
   matter spells      [Unskilled]

Voluntary challenges:
 Character rerolling was not enabled.
 You were an atheist.
 You never genocided any monsters.
 You never polymorphed an object.
 You never changed form.
 You used no wishes.
Achievements:
 You entered a shop.
 You attained the rank of Field Worker.
 You entered the Gnomish Mines.

 The Dungeons of Doom: levels 1 to 4
    Level 1:
       A fountain.
    Level 2:
       A potion shop, some fountains, a grave.
    Level 3:
       A general store.
       Stairs down to The Gnomish Mines.
    Level 4:
 The Gnomish Mines:
    Level 4: <- You were here.
       Final resting place for
          you, killed by a gnome lord.


Vanquished creatures:
  a kitten
  2 dwarves
  2 homunculi
  a kobold leader
  a wererat
  2 manes
  a giant rat
  4 gnomes
  a gnome zombie
  2 geckos
  4 jackals
  2 foxes
  3 kobolds
  a goblin
  4 sewer rats
  a lichen
  a kobold zombie
  3 newts
36 creatures vanquished.

No species were genocided or became extinct.

Game over:
                       ----------
                      /          \
                     /    REST    \
                    /      IN      \
                   /     PEACE      \
                  /                  \
                  |  LDaviesPeters   |
                  |      104 Au      |
                  |   killed by a    |
                  |    gnome lord    |
                  |                  |
                  |                  |
                  |       2026       |
                 *|     *  *  *      | *
        _________)/\\_//(\/(/\)/\//\/|_)_______

Goodbye LDaviesPeters the Archeologist...

You died in The Gnomish Mines on dungeon level 4 with 846 points,
and 104 pieces of gold, after 2060 moves.
You were level 4 with a maximum of 28 hit points when you died.

